 Dungeon Crawl Stone Soup version 0.16-a0-139-gc9fe9b1 (webtiles) character file.

46 Sachiko the Ruinous (level 3, -11/19 HPs)
             Began as a Deep Elf Conjurer on Aug 14, 2014.
             Mangled by Crazy Yiuf
             ... wielding a +2 quarterstaff of chaos
              (15 damage)
             ... while paralysed by Crazy Yiuf
             ... on Level 2 of the Dungeon.
             The game lasted 00:05:43 (1322 turns).

Sachiko the Ruinous (Deep Elf Conjurer)             Turns: 1322, Time: 00:05:44

HP -11/19        AC  5     Str  5      XL: 3   Next: 44%
MP   7/12        EV  2     Int 20      God:
Gold 66          SH  0     Dex 15      Spells:  3 memorised,  4 levels left

rFire  . . .     SeeInvis .     l - +0 dagger
rCold  . . .     Clarity  .     a - +0 robe
rNeg   . . .     rCorr    .     (no shield)
rPois  .         rRot     .     o - +0 hat
rElec  .         Spirit   .     (no cloak)
SustAb .         Warding  .     (no gloves)
rMut   .         Stasis   .     (no boots)
Gourm  .                        (no amulet)
MR     .....                    (no ring)
                                k - +3 ring of protection

@: paralysed, not resistant to hostile enchantments, unstealthy
A: no striking features
a: no special abilities


You were on level 2 of the Dungeon.
You were very hungry.

You visited 1 branch of the dungeon, and saw 2 of its levels.

You collected 66 gold pieces.

Inventory:

Hand weapons
 l - a +0 dagger (weapon)
Armour
 a - a +0 robe (worn)
 o - a +0 hat (worn)
Comestibles
 b - 2 bread rations
 m - a beef jerky
 r - a rotting chunk of bat flesh
 t - a slice of pizza
Scrolls
 e - a scroll of fog
 p - a scroll of teleportation
 u - a scroll of identify
Jewellery
 k - a +3 ring of protection (left hand)
Potions
 d - a potion of haste
Books
 c - a book of Conjurations

   Spells                             Type                      Level
   *Magic Dart                        Conjuration                  1
   *Searing Ray                       Conjuration                  2
   *Dazzling Spray                    Conjuration/Hexes            3
   Fulminant Prism                    Conjuration/Hexes            4
   Iskenderun's Mystic Blast          Conjuration                  4
   Iskenderun's Battlesphere          Conjuration/Charms           5


   Skills:
 - Level 2.4 Dodging
 - Level 2.4 Stealth
 + Level 4.0 Spellcasting
 + Level 5.2 Conjurations


You had 4 spell levels left.
You knew the following spells:

 Your Spells              Type           Power        Failure   Level  Hunger
a - Magic Dart            Conj           ####         1%          1    None
b - Searing Ray           Conj           ####..       2%          2    #......
c - Dazzling Spray        Conj/Hex       ##......     14%         3    ###....


Dungeon Overview and Level Annotations

Branches:
Dungeon (2/15)

Altars:
Yredelemnul

Annotations:
D:2 Crazy Yiuf


Message History

Okay, then.
Casting: Dazzling Spray
Confirm with . or Enter, or press ? or * to list all spells.
Aiming: Searing Ray
Press: ? - help, Shift-Dir - straight line, f/p - Crazy Yiuf
Aim: Crazy Yiuf, wielding a quarterstaff of chaos and wearing a cloak (moderately wounded, blind, hasn't noticed you)
The searing ray hits Crazy Yiuf.
Crazy Yiuf is heavily wounded.
Crazy Yiuf is no longer blind.
Crazy Yiuf barely misses you.
The searing ray misses Crazy Yiuf.
Crazy Yiuf yells, "Line!"
Crazy Yiuf hits you with a quarterstaff of chaos.
You suddenly lose the ability to move!
Crazy Yiuf hits you with a quarterstaff of chaos!
Ouch! That really hurt!
* * * LOW HITPOINT WARNING * * *
You shrug off the repeated paralysis!
Crazy Yiuf hits you with a quarterstaff of chaos!
Ouch! That really hurt!
You die...

....#♣.♣###
..........#
..........#
..........########
.................#
##.###.#########.#
#.# #.# #.# ###
### #.# #@#
♣♣♣♣♣##g##
*****♣♣♣.♣).....#
*,,,*♣).♣.......#
#..)g)♣♣♣♣...)..#
#)..#** ♣♣....##
### * ♣♣####


You could see Crazy Yiuf.

Vanquished Creatures
  A worm (D:2)
  A giant mite (D:2)
  2 giant geckos (D:1)
  An ooze (D:2)
  A giant cockroach (D:2)
  A goblin (D:2)
  6 hobgoblins
  5 kobolds
  A quokka (D:2)
  5 bats
  2 giant newts
  A rat (D:1)
27 creatures vanquished.

Notes
Turn   | Place    | Note
--------------------------------------------------------------
     0 | D:1      | Sachiko, the Deep Elf Conjurer, began the quest for the Orb.
     0 | D:1      | Reached XP level 1. HP: 10/10 MP: 5/5
   416 | D:1      | Reached XP level 2. HP: 13/15 MP: 6/8
   420 | D:1      | Learned a level 2 spell: Searing Ray
   699 | D:2      | Reached skill level 5 in Conjurations
   863 | D:2      | Reached XP level 3. HP: 19/19 MP: 6/11
   881 | D:2      | Found a basalt altar of Yredelemnul.
  1076 | D:2      | Learned a level 3 spell: Dazzling Spray
  1306 | D:2      | Noticed Crazy Yiuf
  1320 | D:2      | Paralysed by Crazy Yiuf for 5 turns
  1322 | D:2      | Mangled by Crazy Yiuf

Action                   || total
-------------------------++-------
Melee: Unarmed           ||     3
       Dagger            ||     2
 Cast: Magic Dart        ||    60
       Searing Ray       ||     3
       Dazzling Spray    ||     1
  Use: Scroll            ||     6
       Potion            ||     5
